 Dungeon Crawl Stone Soup version 0.28.0-45-g0d030f2227 (webtiles) character file.

Game seed: 15019338908705610657

3886 Mesmaeker13 the Fighter (level 10, 0/88 HPs)
             Began as a Green Draconian Transmuter on May 17, 2022.
             Was a Believer of Ru.
             Slain by an orc knight
             ... wielding a +0 war axe
              (24 damage)
             ... in a bailey.
             The game lasted 00:15:01 (7524 turns).

Mesmaeker13 the Fighter (DrTm)                      Turns: 7524, Time: 00:15:02

Health: 0/88       AC:  2    Str: 14    XL:     10   Next: 0%
Magic:  10/13      EV: 19    Int: 16    God:    Ru [**....]
Gold:   457        SH:  0    Dex: 17    Spells: 3/13 levels left

rFire   . . .      SeeInvis .     - Unarmed
rCold   . . .      Faith    .   (shield currently unavailable)
rNeg    . . .      Spirit   .   (armour unavailable)
rPois   x          Reflect  .   (helmet currently unavailable)
rElec   .          Harm     .   (cloak currently unavailable)
rCorr   +          Rampage  .   (gloves currently unavailable)
Will    .....                   (boots currently unavailable)
Stlth   ++........              (no amulet)
HPRegen 0.24/turn               c - ring of resist corrosion
MPRegen 0.13/turn               (no ring)

@: short of breath, spider-form
A: venomous fangs, (breathe noxious fumes), AC +7, tiny, unfitting armour,
(poison resistance), (cold-blooded), hated by all
a: End Transformation, Renounce Religion


You were in a bailey.
You worshipped Ru.
Ru was pleased with you.
You were a venomous arachnid creature.
You visited 2 branches of the dungeon, and saw 8 of its levels.
You also visited: Ossuary and Bailey.

You collected 457 gold pieces.

Inventory:

Missiles
 b - 6 poisoned darts (quivered)
Armour
 i - a +0 pair of gloves (melded)
 j - the +2 buckler of Duty {Will++}
   (You found it on level 5 of the Dungeon)

   Will:      It greatly increases your willpower.
Jewellery
 c - a ring of resist corrosion (left front leg)
Scrolls
 a - 2 scrolls of enchant weapon {unknown}
 f - a scroll of vulnerability
 k - 2 scrolls of amnesia
 l - 2 scrolls of teleportation
 m - a scroll of fog {unknown}
 o - a scroll of magic mapping
 w - 3 scrolls of holy word
Potions
 d - 2 potions of flight
 e - a potion of degeneration {unknown}
 g - 2 potions of mutation {unknown}
 h - a potion of lignification {unknown}
 n - 5 potions of curing
 q - a potion of berserk rage {unknown}
 r - 3 potions of might {unknown}
 s - a potion of experience {unknown}
 t - 3 potions of haste {unknown}
 u - a potion of attraction {unknown}
 v - a potion of heal wounds {unknown}


   Skills:
 + Level 8.3 Fighting
 - Level 1.7 Dodging
 + Level 8.2 Unarmed Combat
 - Level 2.0 Spellcasting
 + Level 7.8 Transmutations
 + Level 2.5 Ice Magic
 - Level 6.2 Poison Magic


You had 3 spell levels left.
You knew the following spells:

 Your Spells              Type           Power      Damage    Failure   Level
a - Beastly Appendage     Tmut           52%        N/A       4%          1
b - Wereblood             Tmut           26%        N/A       6%          2
c - Spider Form           Tmut/Pois      24%        N/A       12%         3
d - Ice Form              Ice/Tmut       18%        N/A       45%         4

Your spell library contained the following spells:

 Spells                   Type           Power      Damage    Failure   Level


Dungeon Overview and Level Annotations

Branches:
Dungeon (7/15)             Temple (1/1) D:4         Ossuary (visited)
 Bailey (1/1)

Altars:
Ashenzari
Cheibriados
Dithmenos
Elyvilon
Fedhas
Gozag
Hepliaklqana
Kikubaaqudgha
Makhleb
Nemelex Xobeh
Okawaru
Qazlal
Ru
Sif Muna
Trog
Uskayaw
Vehumet
Wu Jian
Xom
Yredelemnul
Zin
The Shining One

Shops:
D:5 (*[


Innate Abilities, Weirdness & Mutations

You are a venomous arachnid creature.
You have poisonous fangs.
You are tiny and dextrous.
Your spellcasting is less reliable in this form.
Your armour is entirely melded.
You are incapable of wielding weapons or throwing items.
((You can breathe blasts of noxious fumes.))
((Your lurid green scales are hard. (AC +7)))
You cannot fit into any form of body armour.
((Your system is resistant to poisons. (rPois)))
((You are cold-blooded and may be slowed by cold attacks.))
You are hated by all.


Message History

The orc knight laughs at nothing.
You feel better.
The orc knight looks more healthy.
The orc knight barely misses you.
The orc knight seems less confused.
Things that are here:
a +0 hand axe; a +0 leather armour; an orc skeleton
There is an open door here.
Items here: )) [[.
Your transformation has ended.
Your +0 pair of gloves unmelds from your body.
Things that are here:
a +0 hand axe; a +0 leather armour
Aiming: Breathe Noxious Fumes (3% risk of failure)
Press: ? - help, Shift-Dir - straight line, f - orc warrior, p - orc knight
Aim: an orc warrior, wielding a +0 war axe and wearing a +0 ring mail (lightly wounded, 50% to hit)
You exhale a blast of noxious fumes.
The blast of choking fumes hits the orc knight but does no damage.
The orc knight is moderately wounded.
The blast of choking fumes misses the orc warrior.
The orc warrior is engulfed in noxious fumes.
The orc warrior appears confused.
The orc knight is engulfed in noxious fumes.
The orc knight appears confused.
The orc knight misses you.
The orc warrior is engulfed in noxious fumes.
The orc warrior hits the orc knight with a +0 war axe!
The orc knight is engulfed in noxious fumes.
The orc warrior is engulfed in noxious fumes.
The orc warrior is engulfed in noxious fumes.
The orc warrior appears confused.
The orc warrior chortles and stares into space.
Casting: Spider Form (mildly dangerous; 3% risk of failure)
Confirm with . or Enter, or press ? or * to list all spells.
You turn into a venomous arachnid creature.
Your +0 pair of gloves melds into your body.
The orc knight completely misses you.
You bite the orc knight!
The orc knight is poisoned.
The orc knight is heavily wounded.
The orc knight seems less confused.
The orc knight hits you with a +0 war axe!!
You die...

♣##))'##♣ ##.....## #.......#
##.......## #.........#
##.........##
#######.....⌠.....#######
##.....##........)##.....##
#.....og)).os.....))...)..#
##......)##.......##.......##
#.........#.......#.........#
##.........##.....##.........##
#.....⌠..g..#######.....⌠.....#
##.........## ##.........##
#.........# #.........#
##..))...## ##.......##
#.......# #.......#


You could see an orc knight (very poisoned), an orc warrior (confused) and a
goblin.

Vanquished Creatures
  An orc knight (Bailey)
  Sigmund (D:4)
  A wyvern (D:5)
  4 yaks (D:6)
  Edmund (D:5)
  A water moccasin (D:5)
  5 orc warriors (Bailey)
  4 black bears (D:6)
  A necrophage (D:4)
  An ogre (D:6)
  2 centaurs (D:6)
  A phantom (D:4)
  2 scorpions
  3 water moccasin zombies (Ossuary)
  The ghost of Mordizer the Covered, a weakling MiFi (D:4)
  A killer bee (D:4)
  3 wights (D:6)
  A hound (D:5)
  A jelly (D:6)
  3 iguanas
  2 mummies (Ossuary)
  A hound zombie (D:5)
  A hound skeleton (D:5)
  A howler monkey skeleton (D:6)
  8 adders
  9 gnolls
  An ufetubus (D:6)
  6 adder zombies (Ossuary)
  3 worms
  2 dart slugs (D:1)
  13 orcs
  3 endoplasms
  6 giant cockroaches
  3 gnoll zombies (Ossuary)
  15 hobgoblins
  3 jackals (D:1)
  3 kobolds
  5 quokkas
  6 ball pythons
  4 bats
  7 frilled lizards
  15 goblins
  4 hobgoblin zombies (Ossuary)
  3 kobold zombies (Ossuary)
  5 orc zombies (Ossuary)
  4 rats
171 creatures vanquished.

Vanquished Creatures (others)
  A water moccasin (D:6)
1 creature vanquished.

Grand Total: 172 creatures vanquished

Notes
Turn   | Place    | Note
-------+----------+-------------------------------------------
     0 | D:1      | Mesmaeker13 the Draconian Transmuter began the quest for
                  | the Orb.
     0 | D:1      | Reached XP level 1. HP: 16/16 MP: 3/3
   204 | D:1      | Reached XP level 2. HP: 23/23 MP: 3/5
   822 | D:1      | Reached XP level 3. HP: 29/29 MP: 4/6
  1224 | D:2      | Learned a level 2 spell: Wereblood
  1494 | D:2      | Reached XP level 4. HP: 26/37 MP: 4/7
  2140 | D:3      | Found a glowing golden altar of the Shining One.
  2206 | D:3      | Reached XP level 5. HP: 39/45 MP: 6/8
  2805 | D:3      | Found a faded altar of an unknown god.
  3011 | D:4      | Found a runed translucent door.
  3011 | D:4      | Noticed Mordizer's ghost (weakling MiFi)
  3031 | D:4      | Learned a level 3 spell: Spider Form
  3049 | D:4      | Noticed a necrophage
  3063 | D:4      | Killed a necrophage
  3064 | D:4      | Reached skill level 1 in Poison Magic
  3064 | D:4      | Reached XP level 6. HP: 43/52 MP: 9/9
  3279 | D:4      | Noticed Edmund
  3564 | D:4      | Found a staircase to the Ecumenical Temple.
  3602 | Temple   | Entered the Ecumenical Temple
  3655 | Temple   | Became a worshipper of Ru the Awakened
  4218 | D:4      | Noticed Sigmund
  4307 | D:5      | Entered Level 5 of the Dungeon
  4467 | D:5      | Reached skill level 5 in Unarmed Combat
  4467 | D:5      | Your scales start taking on a lurid green colour.
  4467 | D:5      | Reached XP level 7. HP: 59/60 MP: 8/10
  4467 | D:5      | Gained mutation: Your system is resistant to poisons.
                  | (rPois) [Green Draconian growth]
  4527 | D:5      | Killed Edmund
  4770 | D:5      | Noticed a wyvern
  4961 | D:4      | Reached skill level 5 in Fighting
  4998 | D:4      | Killed Sigmund
  4999 | D:4      | Reached skill level 5 in Transmutations
  5122 | D:4      | Killed Mordizer's ghost
  5123 | D:4      | Reached XP level 8. HP: 13/68 MP: 11/11
  5423 | D:5      | Identified the +2 buckler of Duty {Will++}
  5603 | D:5      | Found Cecriseu's Antique Armour Shoppe.
  5603 | D:5      | Found Cewni Ylae's Assorted Antiques.
  5604 | D:5      | Found Catyon's Antique Weapon Shoppe.
  5701 | D:6      | Reached skill level 5 in Poison Magic
  5951 | D:6      | Reached XP level 9. HP: 48/78 MP: 12/12
  6266 | D:6      | Found a sand-covered staircase.
  6334 | Ossuary  | Entered an ossuary
  6409 | Ossuary  | Gained mutation: You are hated by all. [Ru sacrifice]
  6409 | Ossuary  | Reached * piety under Ru
  6409 | Ossuary  | Reached ** piety under Ru
  7126 | D:6      | Learned a level 4 spell: Ice Form
  7168 | D:7      | Found a flagged portal.
  7181 | Bailey   | Entered a bailey
  7334 | Bailey   | Reached skill level 1 in Ice Magic
  7465 | Bailey   | Noticed an orc knight
  7473 | Bailey   | Noticed an orc knight
  7497 | Bailey   | Killed an orc knight
  7498 | Bailey   | Reached XP level 10. HP: 33/88 MP: 10/13
  7524 | Bailey   | Slain by an orc knight

Illustrated notes

Levels and vault maps discovered:
D:1:      dpeg_arrival_tiny_c, layout_basic
D:2:      layout_loops_cross, minmay_misc_feat_more_columns, nrook_mini_vaults
D:3:      layout_basic, mainiacjoe_overflow_tiny_flanked,
          hellmonk_ecumenical_altar_heavens_door
D:4:      layout_rooms, minmay_temple_entry_overgrown,
          hellmonk_ghost_happy_afterlife, kennysheep_generic_room_6,
          uniq_edmund, uniq_sigmund
D:5:      layout_rooms, nicolae_wooded_promenade
D:6:      layout_loops_ring, enter_ossuary_3, small_statue_alley_b
D:7:      kennysheep_kobold_camp, layout_layer_cave, enter_bailey_4,
          serial_bayou_pond_d, sigmund_army
Temple:   kilobyte_greek_temple
Bailey:   bailey_axe_minmay_hex_keep, bailey

Skill      XL: |  1  2  3  4  5  6  7  8  9 |
---------------+----------------------------+-----
Fighting       | 2 3 4 5 6 8 |  8.3
Transmutations | 3 4 5 6 7 |  7.8
Unarmed Combat | 4 5 6 8 |  8.2
Poison Magic   | 1 2 4 6 |  6.2
Ice Magic      | 2 |  2.5
Dodging        | |  1.7
Spellcasting   | |  2.0

Action                   |  1- 3 |  4- 6 |  7- 9 | 10-12 || total
-------------------------+-------+-------+-------+-------++-------
Melee: Unarmed           |   114 |   151 |   251 |     5 ||   521
       Headbutt          |    13 |    15 |    60 |       ||    88
       Kick              |    20 |    35 |    82 |       ||   137
       Tailslap          |     6 |    17 |    44 |       ||    67
       Punch             |       |     2 |    11 |       ||    13
Throw: Dart              |       |    10 |    20 |       ||    30
 Cast: Beastly Appendage |    28 |    26 |    31 |       ||    85
       Wereblood         |     1 |     4 |    12 |       ||    17
       Spider Form       |       |     1 |     1 |     1 ||     3
Invok: Sacrifice Love    |       |       |     1 |       ||     1
 Abil: Breathe Noxious F |       |       |    20 |     1 ||    21
  Use: Scroll            |       |     4 |     3 |       ||     7
       Potion            |       |     2 |       |     1 ||     3
 Stab: Confused          |       |       |    12 |       ||    12
Armor: Skin              |    57 |    49 |    57 |       ||   163
Dodge: Dodged            |   109 |    92 |   124 |     6 ||   331
